 Dungeon Crawl Stone Soup version 0.27-a0-1071-ga85bd9520d (webtiles) character file.

Game seed: 12518668424067171789

54861 sanka the Spry (level 14, -23/123 HPs)
             Began as a Djinni Delver on Apr 23, 2021.
             Was a High Priest of Ashenzari.
             Killed from afar by Frances (44 damage)
             ... with a shard of ice
             ... on level 12 of the Dungeon on Apr 24, 2021.
             The game lasted 00:57:40 (31167 turns).

sanka the Spry (Djinni Delver)                     Turns: 31167, Time: 00:57:40

Health: -23/123    AC: 17    Str: 11    XL:     14   Next: 74%
Gold:   1260       EV: 22    Int: 17    God:    Ashenzari [*****.] SH:  0 Dex: 15

rFire    + + .     SeeInvis +   a - +5 dire flail of Ashenzari's Disgust {antimagic, Self, Range} (curse)
rCold    x . .     Faith    .   (shield currently unavailable)
rNeg     . . .     Spirit   .   n - +3 leather armour "Omission of Ashenzari" {Self, Range} (curse)
rPois    ∞         Reflect  .   B - +2 hat "Esoteric Gloom" {Melee, Evo} (curse)
rElec    .         Harm     .   C - +0 cloak "Sorrow of the Sky" {Evo, Melee} (curse)
rCorr    .         Rampage  .   (no gloves)
Will     +....     Clarity  +   (boots unavailable)
Stlth    +++.......             (no amulet)
HPRegen  0.30/turn              p - ring of Desmomancy {AC+4, Melee, Evo} (curse)
MPRegen  0.00/turn              j - ring "Restrained Sorrow" {AC+4, Evo, Cun} (curse)

@: flying
A: fire resistance 2, cold vulnerability 1, float, innate caster, hp casting,
extra vitality 1
a: Renounce Religion, Curse Item, Shatter the Chains


You were on level 12 of the Dungeon.
You worshipped Ashenzari.
Ashenzari was extremely pleased with you.
You visited 3 branches of the dungeon, and saw 19 of its levels.

You collected 1260 gold pieces.


Innate Abilities, Weirdness & Mutations

You are immune to poison.
Your flesh is very heat resistant. (rF++)
You are vulnerable to cold. (rC-)
You float through the air rather than walking.
You learn spells naturally, not from books.
Your magical power is your life essence.
You have superior vitality. (+4 HP)


   Skills:
 + Level 15.8(19.2) Fighting
 + Level 17.3(19.4) Dodging
 - Level 4.1(6.6) Stealth
 - Level 2.0(5.8) Unarmed Combat
 - Level 8.5(12.4) Spellcasting
 - Level 1.4(5.3) Evocations


You had 19 spell levels left.
You knew the following spells:

 Your Spells              Type           Power      Damage    Failure   Level
b - Blink                 Tloc           N/A        N/A       1%          2
c - Summon Mana Viper     Hex/Summ       52%        N/A       1%          5
x - Sticky Flame          Conj/Fire      52%        2d7       1%          4
z - Searing Ray           Conj           100%       3d7       1%          2
X - Animate Dead          Necr           26%        N/A       1%          4
Z - Corona                Hex            57%        N/A       1%          1
Your spell library was empty.

Inventory:

Hand Weapons
 a - the cursed +5 dire flail of Ashenzari's Disgust (weapon) {antimagic, Self, Range}

   It reduces the magical energy of the wielder, and disrupts the spells and
   magical abilities of those hit.
   Natural abilities and divine invocations are not affected.
   It has a curse which improves the following skills: Introspection: Fighting
   and Spellcasting.
   Ranged Combat: Slings, Bows, Crossbows and Throwing.
 r - the +5 hand axe of Linearity {venom, rC++ Will+}

   It poisons the flesh of those it strikes.
   It greatly protects you from cold.
   It increases your willpower.
 H - the +9 short sword "Bonos" {speed, +Blink} Attacks with this weapon are significantly faster. It lets you blink.
Armour
 n - the cursed +3 leather armour "Omission of Ashenzari" (worn) {Self, Range}

   It has a curse which improves the following skills: Introspection: Fighting
   and Spellcasting.
   Ranged Combat: Slings, Bows, Crossbows and Throwing.
 B - the cursed +2 hat "Esoteric Gloom" (worn) {Melee, Evo}

   It has a curse which improves the following skills: Melee Combat: Short
   Blades, Long Blades, Axes, Maces & Flails, Polearms, Staves and Unarmed
   Combat.
   Evocations: Evocations.
 C - the cursed +0 cloak "Sorrow of the Sky" (worn) {Evo, Melee}

   It has a curse which improves the following skills: Evocations: Evocations.
   Melee Combat: Short Blades, Long Blades, Axes, Maces & Flails, Polearms,
   Staves and Unarmed Combat.
 R - the +4 skin of Zhor {*Englaciate rC+++ SInv}

   It renders you almost immune to cold.
   It lets you see invisible.
Magical Staves
 G - a staff of death
 S - a staff of conjuration {!a}
Jewellery
 j - the cursed ring "Restrained Sorrow" (right hand) {AC+4, Evo, Cun}

   [ring of protection]

   It affects your AC (+4).
   It has a curse which improves the following skills: Evocations: Evocations.
   Cunning:   Dodging and Stealth.
 l - a ring of ice
 p - the cursed ring of Desmomancy (left hand) {AC+4, Melee, Evo}

   [ring of protection]

   It affects your AC (+4).
   It has a curse which improves the following skills: Melee Combat: Short
   Blades, Long Blades, Axes, Maces & Flails, Polearms, Staves and Unarmed
   Combat.
   Evocations: Evocations.
 F - a +4 ring of evasion
 O - a ring of positive energy
 Q - a +6 ring of dexterity
Wands
 f - a wand of digging (2)
 i - a wand of paralysis (6)
 w - a wand of flame (46)
 y - a wand of iceblast (56)
 E - a wand of polymorph (9)
Scrolls
 b - 5 scrolls of fog
 c - 2 scrolls of magic mapping
 d - 2 scrolls of fear
 k - a scroll of enchant armour
 m - 5 scrolls of enchant weapon
 s - 3 scrolls of vulnerability {!r}
 t - 11 scrolls of teleportation {@r4}
 D - a scroll of brand weapon
 J - a scroll of holy word
 L - a scroll of acquirement
 N - 2 scrolls of blinking
Potions
 e - 3 potions of haste {@q3}
 g - 4 potions of cancellation
 h - 10 potions of curing {@q1}
 q - 4 potions of heal wounds {@q2}
 u - 2 potions of mutation {!q}
 v - 4 potions of brilliance
 x - 2 potions of ambrosia
 z - a potion of attraction {!q}
 A - a potion of resistance
 K - 2 potions of might
Miscellaneous
 I - a tin of tremorstones (2/2)
 M - a phantom mirror
 P - a phantom mirror

Dungeon Overview and Level Annotations

Branches:
Dungeon (12/15)            Temple (1/1) D:5            Lair (6/6) D:10
  Swamp (0/4) Lair:2       Spider (0/4) Lair:4        Slime (0/5) Lair:5
    Orc: D:9-12

Altars:
Ashenzari
Cheibriados
Dithmenos
Elyvilon
Fedhas
Gozag
Hepliaklqana
Kikubaaqudgha
Makhleb
Nemelex Xobeh
Okawaru
Qazlal
Ru
Sif Muna
Trog
Uskayaw
Vehumet
Wu Jian
Xom
Yredelemnul
Zin
The Shining One
Beogh
Jiyva

Portals:
Trove: D:11 (give 18 potions of curing)

Annotations:
D:12 Frances
Lair:4 1 runed translucent door, emiel's ghost, journeyman NaWn

,░ ,
▒...▒...).).........▒▒ ░
░ ░
▒.>.▒...))...▒▒▒▒...▒▒
.....▒..▒▒▒▒▒.▒▒▒▒...▒▒
,, ░
.▒▒▒..▒..▒▒▒▒▒.▒▒▒▒...▒▒
,░ ,,░░
▒..▒..▒▒▒▒▒.▒▒▒▒..... ,
, , ░ ..▒..▒▒▒
▒.▒▒▒▒..... , ,
▒..▒..▒▒▒ ▒.▒▒▒▒..▒▒▒ ,
,,░░, ▒..▒..▒▒▒
▒.▒▒▒▒..▒▒▒ , ░ ,░
▒..▒R.▒▒▒ ,░▒▒▒..▒▒▒ , ,
▒..▒..▒▒▒ ░ ░ ▒▒..▒▒▒ ░
, ░ , ▒▒..▒@.▒▒▒▒ ,░
▒..▒ ▒ , ░░ ,░░,,
▒▒..▒4.▒▒▒▒░ ░ ▒..▒ ▒ ░
,░▒..▒▒▒..▒4.▒▒▒▒▒.▒▒
▒..▒ ▒ ░
░▒.......▒3.........
..)▒░▒ ,
...................,
.... ░
░▒▒▒▒▒▒▒▒▒▒▒▒▒▒▒▒▒▒▒░
▒▒▒▒ ▒▒▒▒▒▒▒▒▒▒▒


You could see Frances (fast, burning, corroded), 2 orange demons and a neqoxec
(summoned).


Message History

Aiming: Iceblast The mass of ice explodes!
The iceblast engulfs Frances!!
Frances is heavily wounded.
The iceblast engulfs the neqoxec!
The neqoxec is heavily wounded.
Frances burns!
Frances hits you with a +6 long sword of freezing!
* * * LOW HITPOINT WARNING * * *
Frances freezes you.
* * * LOW HITPOINT WARNING * * *
The orange demon stings you from afar!
* * * LOW HITPOINT WARNING * * *
The orange demon stings you.
* * * LOW HITPOINT WARNING * * *
The orange demon hits you but does no damage.
Unknown command.
Frances burns!
Frances closely misses you.
The orange demon stings you but does no damage.
The orange demon hits you but does no damage.
Frances burns!
The orange demon closely misses you.
Frances burns!
Frances closely misses you.
Frances burns!
Frances chants phrases taken from a devil's mouth.
The shard of ice hits you!!!
You feel a painful chill!
You die...

Action                   |  1- 3 |  4- 6 |  7- 9 | 10-12 | 13-15 || total
-------------------------+-------+-------+-------+-------+-------++-------
Melee: Unarmed           |    40 |   345 |       |       |       ||   385
       Punch             |       |     5 |       |       |       ||     5
       Dire flail        |       |       |    50 |   322 |   295 ||   667
Throw: Dart              |     6 |    15 |       |       |       ||    21
 Cast: Searing Ray       |       |    29 |    64 |    28 |    11 ||   132
       Sticky Flame      |       |       |     1 |    87 |   158 ||   246
       Summon Mana Viper |       |       |       |       |     6 ||     6
Invok: Curse Item        |       |       |     1 |     5 |       ||     6
Evoke: Wand              |       |       |     7 |     2 |    12 ||    21
  Use: Potion            |       |       |       |     1 |       ||     1
 Stab: Sleeping          |     3 |    10 |     1 |    12 |     6 ||    32
       Distracted        |       |     1 |       |       |       ||     1
Armor: Leather armour    |    15 |   114 |    40 |   190 |   207 ||   566
       Robe              |       |    11 |     2 |       |       ||    13
Dodge: Dodged            |    26 |   207 |   102 |   524 |   704 ||  1563

Levels and vault maps discovered:
D:1:      dpeg_arrival_fog, layout_basic, corexii_hall_statues_i
D:2:      layout_loops_corners, ebering_ecumenical_altar_mist
D:3:      layout_rooms, lemuel_crystal_altar, grunt_ministairs_8, uniq_jessica
D:4:      layout_gridville, nicolae_dithmenos_the_darkroom,
          kennysheep_cross_bottleneck, uniq_edmund
D:5:      gammafunk_steamed_eel, layout_cave_pools, temple_hall,
          kennysheep_generic_room_13
D:6:      layout_cave_pools, minmay_overflow_temple_star_quad,
          serial_column_ruins, column_ruins_hut, column_ruins_grid_5,
          column_ruins_open_medium_water, column_ruins_grid_4,
          column_ruins_open_small, column_ruins_open_small, uniq_menkaure,
          uniq_prince_ribbit1
D:7:      layout_loops_ring
D:8:      layout_basic, regret_index_temple_of_mockery, kennysheep_mini,
          tso_oasis_becter, minmay_diced_spiral
D:9:      layout_cross, grunt_ministairs_7, grunt_decor_arrowhead,
          evilmike_butchery
D:10:     layout_loops_ring, pdpol_temple_overflow_zin_treasury_gozag_greed,
          trog_book, lair_entry_dummy, minivault_16
D:11:     layout_roguey, nicolae_trove_entry_crystal
D:12:     layout_long_grid, david_orc_5, uniq_frances
Temple:   zaba_magenta_temple
Lair:1:   layout_small_grid, minivault_11, infiniplex_staircase_pool_2,
          grunt_megastairs_5, serial_bayou_shore_a, uniq_gastronok
Lair:2:   layout_long_grid, nicolae_swamp_entry_splash_gauntlet,
          grunt_megastairs_1
Lair:3:   layout_roguey, gauntlet_entry_generic
Lair:4:   layout_gridlike, spider_nest_entry_webs, ebering_ghost_xom,
          lemuel_fruit_tree, minmay_lair_oklob_chamber, grunt_megastairs_2
Lair:5:   layout_regular_city, slime_altar_1, serial_bayou_shore_b
Lair:6:   gammafunk_lair_ancient_temple, layout_loops_ring

Notes
Turn   | Place    | Note
-------+----------+-------------------------------------------
     0 | D:5      | sanka the Djinni Delver began the quest for the Orb.
     0 | D:5      | Reached XP level 1. HP: 20/20 MP: 0/0
    26 | D:5      | Reached XP level 2. HP: 16/25 MP: 0/0
   133 | D:4      | Noticed Edmund
   155 | D:4      | Noticed a scorpion
   414 | D:4      | Reached skill level 4 in Fighting
   414 | D:4      | Reached XP level 3. HP: 15/31 MP: 0/0
   414 | D:4      | Learned a level 1 spell: Corona
   491 | D:4      | Noticed a scorpion
   508 | D:4      | Killed a scorpion
   509 | D:4      | Reached skill level 5 in Fighting
   509 | D:4      | Reached XP level 4. HP: 31/39 MP: 0/0
   591 | D:4      | Noticed a scorpion
   725 | D:4      | Killed a scorpion
   726 | D:4      | Reached skill level 6 in Fighting
   726 | D:4      | Reached XP level 5. HP: 45/45 MP: 0/0
   726 | D:4      | Learned a level 2 spell: Searing Ray
  1161 | D:2      | Reached skill level 1 in Spellcasting
  1791 | D:1      | Reached XP level 6. HP: 49/50 MP: 0/0
  2376 | D:1      | Reached skill level 2 in Spellcasting
  3310 | D:2      | Found a faded altar of an unknown god.
  3894 | D:3      | Found an iron altar of Okawaru.
  3901 | D:3      | Noticed Jessica
  3909 | D:3      | Killed Jessica
  3988 | D:3      | Reached skill level 3 in Spellcasting
  4857 | D:4      | Reached XP level 7. HP: 28/56 MP: 0/0
  4857 | D:4      | Learned a level 2 spell: Blink
  5039 | D:4      | Reached skill level 4 in Spellcasting
  5469 | D:4      | Killed Edmund
  5470 | D:4      | Reached skill level 5 in Spellcasting
  5984 | D:4      | Reached XP level 8. HP: 46/61 MP: 0/0
  6173 | D:4      | Found a shadowy altar of Dithmenos.
  6291 | D:5      | Reached skill level 3 in Dodging
  6353 | D:5      | Reached skill level 6 in Spellcasting
  6463 | D:5      | Found a transporter.
  6470 | D:5      | Reached skill level 4 in Dodging
  6536 | D:5      | Found a transporter.
  6680 | D:4      | HP: 3/61 [gnoll/+0 flail (10)]
  7437 | D:5      | Found a staircase to the Ecumenical Temple.
  7448 | Temple   | Entered the Ecumenical Temple
  7568 | D:5      | Reached skill level 5 in Dodging
  7826 | D:6      | Noticed Menkaure
  7829 | D:6      | Killed Menkaure
  7872 | D:6      | Reached XP level 9. HP: 63/66 MP: 0/0
  7872 | D:6      | Learned a level 4 spell: Sticky Flame
  7900 | D:6      | Reached skill level 7 in Spellcasting
  7975 | D:6      | Reached skill level 6 in Dodging
  8341 | D:6      | Noticed Prince Ribbit
  8355 | D:6      | Killed Prince Ribbit
  8362 | D:6      | Reached skill level 7 in Dodging
  8606 | D:6      | Found a broken altar of Ashenzari.
  8612 | D:6      | Found a hide-covered altar of Uskayaw.
  8617 | D:6      | Found a sacrificial altar of Ru.
  8627 | D:6      | Became a worshipper of Ashenzari the Shackled
  9084 | D:7      | Reached skill level 8 in Spellcasting
  9428 | D:7      | Identified the +4 arbalest "Qooruid" {freeze, Str+7 Dex+2}
  9645 | D:7      | Reached skill level 8 in Dodging
 10426 | D:8      | Reached XP level 10. HP: 64/75 MP: 0/0
 10781 | D:8      | Found a hazy altar of Hepliaklqana.
 10782 | D:8      | Found a shimmering altar of Xom.
 10783 | D:8      | Noticed a spectral ugly thing
 10883 | D:8      | Found a glowing golden altar of the Shining One.
 11033 | D:8      | Reached skill level 7 in Fighting
 11169 | D:8      | Reached * piety under Ashenzari
 11169 | D:8      | Reached ** piety under Ashenzari
 11409 | D:9      | Identified the +5 hand axe of Linearity {venom, rC++ Will+}
 11538 | D:9      | Reached skill level 9 in Dodging
 12282 | D:9      | Reached skill level 8 in Fighting
 12440 | D:9      | Reached skill level 10 in Dodging
 12705 | D:9      | Upgraded the game from 0.27-a0-1065-ge809cff456 to
                  | 0.27-a0-1071-ga85bd9520d
 12705 | D:9      | Reached *** piety under Ashenzari
 12734 | D:10     | Entered Level 10 of the Dungeon
 12884 | D:10     | Identified a potion of resistance
 13136 | D:10     | Found a bloodstained altar of Trog.
 13137 | D:10     | Identified Sif Muna's Tome of Retrieval
 13191 | D:10     | Found an opulent altar of Gozag.
 13234 | D:10     | Found a glowing silver altar of Zin.
 13251 | D:10     | Found a staircase to the Lair.
 13413 | D:10     | Noticed an unseen horror
 13421 | D:10     | Killed an unseen horror
 13422 | D:10     | Reached skill level 9 in Fighting
 13726 | Lair:1   | Entered Level 1 of the Lair of Beasts
 13726 | Lair:1   | Noticed Gastronok
 13910 | D:10     | HP: 3/84 [Gastronok (35)]
 13915 | D:10     | Killed Gastronok
 13916 | D:10     | Reached skill level 11 in Dodging
 13916 | D:10     | Reached XP level 11. HP: 30/90 MP: 0/0
 13916 | D:10     | Learned a level 4 spell: Animate Dead
 14407 | Lair:1   | Reached skill level 10 in Fighting
 14775 | Lair:1   | Reached **** piety under Ashenzari
 15767 | Lair:2   | Reached skill level 12 in Dodging
 16320 | Lair:2   | Reached ***** piety under Ashenzari
 16404 | Lair:2   | Reached skill level 11 in Fighting
 16742 | Lair:2   | Found a staircase to the Swamp.
 17144 | Lair:3   | Found a gate leading to a gauntlet.
 17159 | Lair:2   | Reached XP level 12. HP: 76/101 MP: 0/0
 17409 | Lair:3   | Noticed a five-headed hydra
 17419 | Lair:3   | Killed a five-headed hydra
 17439 | Lair:3   | Reached skill level 13 in Dodging
 18190 | Lair:3   | Reached skill level 12 in Fighting
 18717 | Lair:3   | Noticed a boulder beetle
 18730 | Lair:3   | Killed a boulder beetle
 19272 | Lair:4   | Identified the +7 hunting sling "Eteur" {freeze, rPois
                  | Int+6 Dex-4}
 19613 | Lair:4   | Found a hole to the Spider Nest.
 19676 | Lair:4   | Reached skill level 14 in Dodging
 20057 | Lair:4   | Identified the +9 short sword "Bonos" {speed, +Blink}
 20257 | Lair:4   | Noticed a seven-headed hydra
 20274 | Lair:4   | Noticed a four-headed hydra
 20278 | Lair:4   | Killed a seven-headed hydra
 20279 | Lair:4   | Reached skill level 13 in Fighting
 20279 | Lair:4   | Reached XP level 13. HP: 84/111 MP: 0/0
 20279 | Lair:4   | Learned a level 5 spell: Summon Mana Viper
 21176 | Lair:4   | Reached skill level 15 in Dodging
 21441 | Lair:4   | Found a runed translucent door.
 21442 | Lair:4   | Found a shimmering altar of Xom.
 21442 | Lair:4   | Noticed emiel's ghost (journeyman NaWn)
 22213 | Lair:5   | Reached skill level 1 in Evocations
 22694 | Lair:5   | Found a staircase to the Slime Pits.
 22694 | Lair:5   | Found a viscous altar of Jiyva.
 23030 | Lair:6   | Entered Level 6 of the Lair of Beasts
 23340 | Lair:6   | Identified a scroll of acquirement
 23362 | Lair:6   | Reached skill level 14 in Fighting
 24994 | Lair:5   | Reached skill level 16 in Dodging
 25107 | Lair:5   | Reached XP level 14. HP: 27/121 MP: 0/0
 25864 | Lair:6   | Identified the +8 hunting sling "Dyamuniv" {flame, Fly
                  | rElec rN+++ Int-2}
 26302 | Lair:5   | Reached skill level 15 in Fighting
 27836 | Lair:6   | HP: 4/121 [cane toad (14)]
 28329 | Lair:6   | Reached skill level 17 in Dodging
 29964 | D:11     | Found a portal to a secret trove of treasure.
 31151 | D:12     | Noticed Frances
 31167 | D:12     | Killed from afar by Frances

Vanquished Creatures
  Gastronok (D:10)
  A boulder beetle (Lair:3)
  8 hydras
  A merfolk avatar (Lair:6)
  10 death yaks (Lair:5)
  A lindwurm (Lair:3)
  2 harpies (Lair:6)
  An ugly thing (D:12)
  A cyclops (D:11)
  A manticore (D:12)
  21 elephants
  8 black mambas
  11 cane toads
  10 komodo dragons
  An unseen horror (D:10)
  5 rime drakes
  2 trolls
  3 polar bears
  2 wind drakes
  3 hornets
  Prince Ribbit (D:6)
  4 dream sheep (Lair:4)
  6 blink frogs
  5 wyverns
  2 wraiths
  35 yaks
  A shadow (D:11)
  3 steam dragons
  4 basilisks
  4 swamp worms (Lair:2)
  Menkaure (D:6)
  An acid dragon (D:11)
  Edmund (D:4)
  20 water moccasins
  A sky beast (D:6)
  4 black bears
  An ice beast (D:5)
  6 orc warriors
  3 centaurs
  8 wolves
  3 ogres
  A phantom (D:5)
  A kobold brigand (D:7)
  A wyvern zombie (D:9)
  13 bullfrogs
  4 scorpions
  A gnoll sergeant (D:10)
  14 killer bees
  A water moccasin skeleton (D:4)
  4 electric eels
  14 wights
  7 howler monkeys
  2 centaur zombies
  A hound (D:4)
  A gnoll shaman (D:5)
  3 orc priests
  A centaur skeleton (D:5)
  A jelly (D:6)
  2 iguanas
  Jessica (D:3)
  12 orc wizards
  A hound skeleton (D:4)
  A howler monkey zombie (D:8)
  10 gnolls
  10 adders
  An ufetubus (D:6)
  3 worms
  5 dart slugs
  35 orcs
  6 ball pythons
  4 bats
  5 endoplasms
  7 giant cockroaches
  11 goblins
  3 hobgoblins
  15 jackals
  3 quokkas
  4 frilled lizards
  7 kobolds
  6 rats
429 creatures vanquished.

Vanquished Creatures (collateral kills)
  4 oklob plants (Lair:4)
4 creatures vanquished.

Vanquished Creatures (others)
  35 fungi
  60 plants
95 creatures vanquished.

Grand Total: 528 creatures vanquished
